 Dungeon Crawl Stone Soup version 0.31-a0-833-gc15d34cb79 (webtiles) character file.

Game seed: 7217965432477509671

114 Kurtz the Shield-Bearer (level 4, 0/31 HPs)
             Began as an Octopode Fighter on Sept 25, 2023.
             Slain by an orc priest
             ... wielding a +0 hand axe
              (5 damage)
             ... on level 3 of the Dungeon.
             The game lasted 00:02:08 (1447 turns).

Kurtz the Shield-Bearer (Octopode Fighter)          Turns: 1447, Time: 00:02:08

Health: 0/31       AC:  1    Str: 17    XL:     4   Next: 97%
Magic:  4/4        EV: 13    Int: 10    God:
Gold:   79         SH:  4    Dex: 11    Spells: 3/3 levels left

rFire   . . .        a - +0 war axe
rCold   . . .        b - +0 buckler
rNeg    . . .        (helmet restricted)
rPois   .            (no amulet)
rElec   .            (no ring)
rCorr   .            (no ring)
SInv    .            (no ring)
Will    .....        (no ring)
Stlth   +++          (no ring)
HPRegen 0.25/turn    (no ring)
MPRegen 0.09/turn    (no ring)
                     (no ring)

%: no passive effects
@: no status effects
A: almost no armour, amphibious, 8 rings, camouflage 1, gelatinous body 1,
(nimble swimmer 1), tentacles
a: no special abilities


You were on level 3 of the Dungeon.
You visited 1 branch of the dungeon, and saw 3 of its levels.

You collected 79 gold pieces.

Inventory:

Hand Weapons
 a - a +0 war axe (weapon)
Armour
 b - a +0 buckler (worn)
Jewellery
 g - a ring of wizardry
Scrolls
 d - 2 scrolls of vulnerability {unknown}
 e - 2 scrolls of amnesia {unknown}
 f - 6 scrolls of identify {unknown}
 h - a scroll of immolation {unknown}
 i - a scroll of blinking {unknown}
Potions
 c - a potion of might
 j - a potion of invisibility {unknown}
 k - a potion of mutation {unknown}


   Skills:
 + Level 3.4 Fighting
 + Level 3.2 Axes
 + Level 3.3 Dodging
 + Level 3.0 Stealth
 + Level 3.4 Shields


You had 3 spell levels left.
You didn't know any spells.
Your spell library contained the following spells:

 Spells                   Type           Power      Damage    Failure   Level
 Cigotuvi's Dreadful Rot  Necr/Pois/Air  0%         N/A       58%         2
 Ignite Poison            Fire/Tmut/Pois 0%         N/A       82%         3
 Freezing Cloud           Conj/Ice/Air   0%         6-21      100%        5


Dungeon Overview and Level Annotations

Branches:
Dungeon (3/15)

Altars:


Innate Abilities, Weirdness & Mutations

You cannot wear most types of armour.
You are amphibious.
You can wear up to eight rings at the same time.
Your skin changes colour to match your surroundings (Stealth+).
Your rubbery body absorbs attacks. (AC +1, EV +1)
((You are camouflaged when in or above water. (Stealth+)))
You have tentacles for arms and can constrict up to eight enemies at once.


Message History

There is an open door here.
Found 6 javelins and 8 gold pieces.
A kobold comes into view. It is wielding a +0 dagger.
The orc barely misses you.
The orc priest mumbles some strange prayers to Beogh against you.
Pain shoots through your body!
There are monsters nearby!
You slash the orc wizard! Your grab misses the orc wizard.
The orc wizard is heavily wounded.
You hit the orc. The orc closely misses you.
The orc priest invokes the aid of Beogh against you.
Beogh smites you!
Ouch! That really hurt!
* * * LOW HITPOINT WARNING * * *
The ball python bites you.
* * * LOW HITPOINT WARNING * * *
The ball python closely misses you.
Unknown command.
You slash the orc wizard!
You kill the orc wizard!
You closely miss the orc. You closely miss the ball python.
You closely miss the orc. The orc barely misses you.
The orc throws a boomerang.
The boomerang barely misses you. The orc barely misses you.
The ball python closely misses you. The ball python grabs you.
The ball python constricts you.
* * * LOW HITPOINT WARNING * * *
The orc closely misses you. You block the orc priest's attack.
The orc closely misses you.
Your Stealth skill increases to level 3!
You are too injured to fight recklessly!
You hit the rat but do no damage. You grab the rat. You hit the ball python.
You kill the ball python!
You hit the orc.
You kill the orc!
You hit the orc priest. You slash the orc!
You kill the orc!
You constrict the rat, but do no damage.
You block the rat's attack.
The orc priest hits you with a +0 hand axe.
You die...

#..........#
##.#########
#+########.#
........##.#
$.......##.#
........##.#
♣.....o##.#
♣..ro#..#
♣..K@#.##
♣(.♣.))'.#
♣....#.#
♣....#.#
♣......#.#
.......#.#
........#.#
........#.#
+###### .#


You could see an orc priest, an orc, a kobold and a rat.

Vanquished Creatures
  An orc wizard (D:3)
  4 adders (D:2)
  A worm (D:2)
  2 dart slugs (D:2)
  2 orcs (D:3)
  2 endoplasms (D:1)
  2 giant cockroaches (D:1)
  5 goblins
  7 hobgoblins
  A quokka (D:2)
  5 ball pythons
  5 frilled lizards
  10 kobolds
  4 rats
51 creatures vanquished.

Notes
Turn   | Place    | Note
-------+----------+-------------------------------------------
     0 | D:1      | Kurtz the Octopode Fighter began the quest for the Orb.
     0 | D:1      | Reached XP level 1. HP: 16/16 MP: 1/1
   149 | D:1      | Reached XP level 2. HP: 21/21 MP: 2/2
   338 | D:1      | Reached skill level 1 in Stealth
   518 | D:1      | Reached XP level 3. HP: 26/26 MP: 3/3
   654 | D:2      | Found a faded altar of an unknown god.
   847 | D:2      | Reached XP level 4. HP: 23/31 MP: 4/4
  1447 | D:3      | Slain by an orc priest

Illustrated notes

Levels and vault maps discovered:
D:1:      heliophobic_arrival_glass_houses, layout_basic, corner_web_ring,
          minmay_misc_feat_alley
D:2:      layout_basic, shapermc_ecumenical_altar_totnotflames
D:3:      layout_rooms, portal_sewer_entry_d, amcnicky_mini_pool_small,
          grunt_ministairs_14, dk_noncrumbling_4, serial_bayou_pond_c,
          kennysheep_generic_room_2

Skill      XL: |  1  2  3  4 |
---------------+-------------+-----
Stealth        | 1 2 3 |  3.0
Axes           | 3 |  3.2
Fighting       | |  3.4
Dodging        | |  3.3
Shields        | |  3.4

Action                     |  1- 3 |  4- 6 || total
---------------------------+-------+-------++-------
  Melee: War axe           |    50 |    32 ||    82
         Constrict         |    14 |     9 ||    23
         Tentacles         |    10 |     1 ||    11
   Stab: Sleeping          |    12 |     5 ||    17
 Armour: Skin              |    17 |    12 ||    29
  Dodge: Dodged            |    19 |    27 ||    46
  Block: Buckler           |     6 |     5 ||    11

Table legend: (Time is in decaauts)
 A = Elapsed time spent in this place.
 B = Non-inter-level travel time spent in this place.
 C = Inter-level travel time spent in this place.
 D = Time resting spent in this place.
 E = Time spent auto-exploring this place.
 F = Levels seen in this place.
 G = Mean time per level.
                   A        B        C        D        E       F      G
               +--------+--------+--------+--------+--------+-----+--------+
         Total |   1479 |   1438 |     41 |     31 |   1104 |   3 |  493.0 |
       Dungeon |   1479 |   1438 |     41 |     31 |   1104 |   3 |  493.0 |
               +--------+--------+--------+--------+--------+-----+--------+

Top non-repeatable levels by time:
     D:2: 801 daAuts
     D:1: 639 daAuts
     D:3: 38 daAuts
